 Dungeon Crawl Stone Soup version 0.28.0-53-g5a82cb258f (webtiles) character file.

Game seed: 10490551398691740655

83 jottpe the Shield-Bearer (level 4, -1/40 HPs)
             Began as a Deep Dwarf Fighter on Aug 17, 2022.
             Slain by an orc priest
             ... wielding a +0 dagger
              (3 damage)
             ... on level 3 of the Dungeon.
             The game lasted 00:16:38 (1826 turns).

jottpe the Shield-Bearer (Deep Dwarf Fighter)       Turns: 1826, Time: 00:16:39

Health: -1/40      AC: 10    Str: 22    XL:     4   Next: 22%
Magic:  0/3        EV:  9    Int:  8    God:
Gold:   23         SH:  5    Dex: 12    Spells: 3/3 levels left

rFire   . . .      SeeInvis .   F - +1 falchion (vamp)
rCold   . . .      Faith    .   c - +0 buckler
rNeg    . . .      Spirit   +   y - +0 scale mail
rPois   .          Reflect  .   (no helmet)
rElec   .          Harm     .   m - +0 cloak
rCorr   .          Rampage  .   (no gloves)
Will    .....                   g - +1 pair of boots
Stlth   ..........              w - amulet of guardian spirit
HPRegen 0.00/turn               (no ring)
MPRegen 0.08/turn               (no ring)

@: no status effects
A: damage resistance, heal wounds, sense surroundings 1, no regeneration
a: Heal Wounds


You were on level 3 of the Dungeon.
You visited 1 branch of the dungeon, and saw 3 of its levels.

You collected 23 gold pieces.

Inventory:

Hand Weapons
 a - a +0 war axe
 i - a +0 club
 j - a +0 whip
 k - a +0 short sword
 n - a +0 mace
 o - a +0 dagger
 r - a +0 club
 s - a +0 dagger
 u - a +1 short sword of flaming
 v - a +0 hunting sling
 F - a +1 vampiric falchion (weapon)
Missiles
 e - 6 javelins
 f - 21 bolts
 A - 25 stones
Armour
 b - a +0 scale mail
 c - a +0 buckler (worn)
 g - a +1 pair of boots (worn)
 h - a +0 leather armour
 l - a +0 robe
 m - a +0 cloak (worn)
 x - a +0 robe
 y - a +0 scale mail (worn)
 B - a +2 ring mail of willpower
 D - a +0 chain mail
 E - a +0 ring mail
Jewellery
 w - an amulet of guardian spirit (around neck)
Scrolls
 q - a scroll of teleportation
 t - a scroll of blinking
 z - a scroll of identify
 C - a scroll of immolation {unknown}
Potions
 d - a potion of might
 p - a potion of attraction


   Skills:
 + Level 2.9 Fighting
 + Level 0.8 Short Blades
 + Level 3.2 Axes
 + Level 3.8 Armour
 + Level 1.0 Dodging
 + Level 4.0 Shields


You had 3 spell levels left.
You didn't know any spells.
Your spell library was empty.

Dungeon Overview and Level Annotations

Branches:
Dungeon (3/15)

Altars:
Xom

Shops:
D:1 ?


Innate Abilities, Weirdness & Mutations

You are resistant to damage.
You can heal yourself by infusing magical energy.
You passively map a small area around you.
You do not regenerate.


Message History

Beogh smites you! The orc hits you with a +0 dagger. x2
You slash the orc!
You feel better.
You kill the orc!
You block the orc's attack. The orc closely misses you.
The orc hits you but does no damage.
Things that are here:
a +0 dagger; an orc corpse You hit the orc but do no damage.
The orc is moderately wounded.
The orc completely misses you.
You hit the orc but do no damage.
The orc is moderately wounded.
The orc completely misses you.
You hit the orc but do no damage.
The orc is moderately wounded.
The orc priest mumbles some strange prayers to Beogh against you.
Beogh smites you!
* * * LOW HITPOINT WARNING * * *
You hit the orc.
You feel better.
The orc is severely wounded.
The orc hits you with a +0 dagger.
You slash the orc!
You kill the orc!
The orc hits you with a +0 short sword. The orc closely misses you.
You closely miss the orc priest.
The orc priest is severely wounded.
The orc priest hits you with a +0 dagger.
The orc misses you.
The orc priest hits you but does no damage.
You hit the orc priest but do no damage.
The orc priest is severely wounded.
The orc closely misses you.
The orc priest calls down the wrath of Beogh upon you.
Beogh smites you!
* * * LOW HITPOINT WARNING * * *
You completely miss the orc priest.
The orc priest is severely wounded.
The orc hits you but does no damage.
The orc priest hits you with a +0 dagger.
You die...

#.#############
...# ,, .. #.#
#.. * ...#, * ##
#.# #.##### *
...# , ,
#.####.....# .#*
* #..........# *
*
#######....###.#
, #....'...#,# #
* #....###.#.#.#
#..o@# ,(...#
####o###......
#).†'...... ,
#####......* ***
* * ..... , *, ,
.... , , , , .S.
, , #. , , ,, ,


You could see an orc priest and an orc.

Vanquished Creatures
  Terence (D:3)
  An adder (D:3)
  An adder skeleton (D:2)
  3 orcs (D:3)
  2 ball pythons (D:1)
  3 endoplasms
  2 giant cockroaches (D:1)
  7 goblins
  5 quokkas (D:1)
  5 bats
  A frilled lizard (D:3)
  3 kobolds
  5 rats
39 creatures vanquished.

Notes
Turn   | Place    | Note
-------+----------+-------------------------------------------
     0 | D:1      | jottpe the Deep Dwarf Fighter began the quest for the Orb.
     0 | D:1      | Reached XP level 1. HP: 20/20 MP: 1/1
   162 | D:1      | Found Qotirch's Magic Scroll Shop.
   363 | D:1      | Reached XP level 2. HP: 13/27 MP: 2/2
   466 | D:1      | Found a faded altar of an unknown god.
   801 | D:1      | Reached XP level 3. HP: 4/33 MP: 3/3
  1439 | D:2      | Found a shimmering altar of Xom.
  1701 | D:3      | Noticed Terence
  1727 | D:3      | Killed Terence
  1728 | D:3      | Reached skill level 1 in Dodging
  1777 | D:3      | Reached XP level 4. HP: 30/40 MP: 0/3
  1798 | D:3      | Reached skill level 4 in Shields
  1825 | D:3      | HP: 2/40 [orc priest/divine providence (7)]
  1826 | D:3      | Slain by an orc priest

Illustrated notes

Levels and vault maps discovered:
D:1:      shiori_arrival_elements, layout_basic,
          hellmonk_ecumenical_altar_run_dry, serial_shops, shop,
          chequers_serial_rivers_small_a
D:2:      layout_basic, serial_rivers, chequers_serial_rivers_large_a,
          chequers_serial_rivers_small_3, chequers_serial_rivers_micro_e,
          chequers_serial_rivers_micro_b, chequers_serial_rivers_micro_b,
          serial_shops, shop, basic_altar, uniq_sigmund
D:3:      layout_basic, uniq_natasha, uniq_terence

Skill      XL: |  1  2  3  4 |
---------------+-------------+-----
Axes           | 3 |  3.2
Dodging        | 1 |  1.0
Shields        | 4 |  4.0
Fighting       | |  2.9
Short Blades   | |  0.8
Armour         | |  3.8

Action                   |  1- 3 |  4- 6 || total
-------------------------+-------+-------++-------
Melee: War axe           |    75 |       ||    75
       Short sword       |    44 |       ||    44
       Falchion          |       |    29 ||    29
 Fire: Hunting sling     |     1 |       ||     1
 Abil: Heal Wounds       |     1 |       ||     1
  Use: Scroll            |     4 |       ||     4
       Potion            |     1 |       ||     1
Armor: Scale mail        |    62 |    22 ||    84
Dodge: Dodged            |    62 |    19 ||    81
Block: Buckler           |    26 |     9 ||    35
